 Dungeon Crawl Stone Soup version 0.27-a0-1090-gb115f176c6 (webtiles) character file.

Game seed: 9655877708607766154

233 HoaS the Twirler (level 6, 0/35 HPs)
             Began as a Gargoyle Gladiator on Apr 27, 2021.
             Slain by a worm (4 damage)
             ... on level 4 of the Dungeon.
             The game lasted 00:04:54 (2908 turns).

HoaS the Twirler (Gargoyle Gladiator)               Turns: 2908, Time: 00:04:54

Health: 0/35       AC: 11    Str: 19    XL:     6   Next: 4%
Magic:  6/6        EV: 10    Int:  9    God:
Gold:   187        SH:  0    Dex: 11    Spells: 5/5 levels left

rFire    . . .     SeeInvis .   a - +1 quarterstaff
rCold    . . .     Faith    .   (shield currently unavailable)
rNeg     + . .     Spirit   .   i - +0 scale mail
rPois    ∞         Reflect  .   c - +0 helmet
rElec    +         Harm     .   (no cloak)
rCorr    .         Rampage  .   (no gloves)
Will     .....                  (no boots)
Stlth    ..........             (no amulet)
HPRegen  0.11/turn              (no ring)
MPRegen  0.10/turn              (no ring)

@: no status effects
A: AC +4, negative energy resistance 1, electricity resistance, torment
resistance 1, unbreathing 1, petrification resistance
a: no special abilities


You were on level 4 of the Dungeon.
You visited 1 branch of the dungeon, and saw 4 of its levels.

You collected 187 gold pieces.

Inventory:

Hand Weapons
 a - a +1 quarterstaff (weapon)
Missiles
 d - 3 throwing nets (quivered)
 j - 85 arrows
Armour
 c - a +0 helmet (worn)
 i - a +0 scale mail (worn)
Scrolls
 e - a scroll of teleportation {unknown}
 h - 5 scrolls of identify
Potions
 b - 3 potions of curing
 g - a potion of attraction


   Skills:
 - Level 2.1 Fighting
 * Level 6.4 Staves
 - Level 1.0 Bows
 - Level 1.7 Throwing
 - Level 2.4 Dodging


You had 5 spell levels left.
You didn't know any spells.
Your spell library contained the following spells:

 Spells                   Type           Power      Damage    Failure   Level
 Animate Skeleton         Necr           0%         N/A       78%         1
 Apportation              Tloc           0%         N/A       78%         1
 Corona                   Hex            0%         N/A       78%         1
 Summon Small Mammal      Summ           0%         N/A       78%         1


Dungeon Overview and Level Annotations

Branches:
Dungeon (4/15)
 Temple: D:4-7

Altars:
Hepliaklqana
Makhleb


Innate Abilities, Weirdness & Mutations

Your stone body is resilient. (AC +4)
You are immune to poison.
You resist negative energy. (rN+)
You are resistant to electric shocks. (rElec)
You are resistant to unholy torment.
You can survive without breathing.
You are immune to petrification.


Message History

Pain shoots through your body!
You have reached level 6!
Your experience leads to an increase in your attributes!
Increase (S)trength, (I)ntelligence, or (D)exterity?
You feel stronger.
You see here a +0 short sword.
You closely miss the orc priest.
The orc hits you from afar with a +4 trident.
The orc priest hits you with a +0 club. The orc priest closely misses you.
You completely miss the orc priest.
The orc hits you from afar with a +4 trident.
The orc priest barely misses you.
The orc priest hits you but does no damage.
You hit the orc priest but do no damage.
The orc hits you from afar with a +4 trident.
The orc priest barely misses you.
You sock the orc priest!
The orc priest is heavily wounded.
The orc hits you but does no damage.
The orc priest mumbles some strange prayers to Beogh against you.
Beogh smites you! The orc priest closely misses you.
You completely miss the orc priest.
The orc priest is heavily wounded.
The orc hits you but does no damage.
The orc priest hits you but does no damage.
The orc priest hits you with a +0 mace.
* * * LOW HITPOINT WARNING * * *
You hit the orc priest but do no damage.
The orc priest is heavily wounded.
The orc hits you but does no damage. The orc priest hits you with a +0 club.
* * * LOW HITPOINT WARNING * * *
The worm bites you but does no damage.
You hit the orc priest.
The orc priest is almost dead.
The orc priest looks satisfied for a moment.
The orc closely misses you.
You closely miss the orc priest.
The orc priest is almost dead.
The orc priest barely misses you. The worm bites you.
You die...

#.# ..
#.# #.
#.# ..
#.# #.
#.# #..
#.# #o#
#.#
###.o##.#
#...o@w.#
#
#.##.##.#
# #. #.#
# #. #.#
#. #w# #.
..# ..
#.# ..
..# ...


You could see a worm, 2 orc priests and an orc.

Vanquished Creatures
  A wyvern zombie (D:3)
  An orc priest (D:4)
  A scorpion zombie (D:4)
  3 adders
  An adder zombie (D:4)
  An adder skeleton (D:4)
  2 worms (D:2)
  4 dart slugs
  An orc (D:3)
  6 ball pythons
  5 endoplasms
  3 giant cockroaches
  9 goblins
  4 hobgoblins
  6 jackals
  2 quokkas
  9 bats
  6 frilled lizards
  6 kobolds
  5 rats
76 creatures vanquished.

Vanquished Creatures (others)
  3 withered plants (D:4)
3 creatures vanquished.

Grand Total: 79 creatures vanquished

Notes
Turn   | Place    | Note
-------+----------+-------------------------------------------
     0 | D:1      | HoaS the Gargoyle Gladiator began the quest for the Orb.
     0 | D:1      | Reached XP level 1. HP: 12/12 MP: 1/1
   100 | D:1      | Reached XP level 2. HP: 10/17 MP: 2/2
   515 | D:1      | Reached skill level 4 in Staves
   537 | D:1      | Reached XP level 3. HP: 21/21 MP: 3/3
  1411 | D:2      | Reached XP level 4. HP: 26/26 MP: 4/4
  1442 | D:2      | Reached skill level 1 in Bows
  1528 | D:2      | Found a burning altar of Makhleb.
  1895 | D:3      | Found a faded altar of an unknown god.
  2000 | D:3      | Found a hazy altar of Hepliaklqana.
  2062 | D:3      | Reached skill level 5 in Staves
  2458 | D:3      | Reached XP level 5. HP: 21/30 MP: 5/5
  2838 | D:4      | Reached skill level 6 in Staves
  2900 | D:4      | Reached XP level 6. HP: 30/35 MP: 6/6
  2908 | D:4      | Slain by a worm

Illustrated notes

Levels and vault maps discovered:
D:1:      dpeg_arrival_prison, layout_basic, interstate_on_off,
          minmay_misc_feat_five
D:2:      layout_rooms, basic_altar
D:3:      layout_basic, nicolae_overflow_hidden_temple, general_overflow_altar,
          hellmonk_ecumenical_altar_run_dry, nrook_mini_backslash,
          chequers_avenue, minmay_puff
D:4:      layout_basic, serial_undead, serial_undead_a, serial_undead_e,
          serial_undead_e, serial_undead_d, kennysheep_nub,
          kennysheep_small_spiral, hangedman_abyss_or_decor_stagger

Skill      XL: |  1  2  3  4  5 |
---------------+----------------+-----
Staves         | 4 5 6 |  6.4
Bows           | 1 |  1.0
Fighting       | |  2.1
Throwing       | |  1.7
Dodging        | |  2.4

Action                   |  1- 3 |  4- 6 || total
-------------------------+-------+-------++-------
Melee: Quarterstaff      |   131 |   101 ||   232
  Use: Scroll            |     4 |     2 ||     6
Armor: Leather armour    |     4 |       ||     4
       Ring mail         |    83 |    27 ||   110
       Scale mail        |       |    21 ||    21
Dodge: Dodged            |    95 |    53 ||   148

Table legend: (Time is in decaauts)
 A = Elapsed time spent in this place.
 B = Non-inter-level travel time spent in this place.
 C = Inter-level travel time spent in this place.
 D = Time resting spent in this place.
 E = Time spent auto-exploring this place.
 F = Levels seen in this place.
 G = Mean time per level.
                   A        B        C        D        E       F      G
               +--------+--------+--------+--------+--------+-----+--------+
         Total |   2924 |   2742 |    182 |    354 |   1815 |   4 |  731.0 |
       Dungeon |   2924 |   2742 |    182 |    354 |   1815 |   4 |  731.0 |
               +--------+--------+--------+--------+--------+-----+--------+

Top non-repeatable levels by time:
     D:1: 1148 daAuts
     D:3: 1021 daAuts
     D:2: 603 daAuts
     D:4: 151 daAuts
